 Dungeon Crawl Stone Soup version 0.21-a0-1-gaf3b9a5 (webtiles) character file.

47 straycat the Insei (level 3, -10/27 HPs)
             Began as a Vampire Warper on May 20, 2017.
             Mangled by a gnoll
             ... wielding a +0 halberd
              (12 damage)
             ... on level 2 of the Dungeon.
             The game lasted 00:19:20 (2375 turns).

straycat the Insei (Vampire Warper)                 Turns: 2375, Time: 00:19:21

Health: -10/27     AC:  3    Str: 11    XL:     3   Next: 48%
Magic:  0/6        EV: 13    Int: 15    God:
Gold:   37         SH:  0    Dex: 13    Spells: 1/6 levels left

rFire    . . .     SeeInvis +     - Unarmed
rCold    . . .     Gourm    .   (no shield)
rNeg     + . .     Faith    .   a - +0 leather armour
rPois    .         Spirit   +   (no helmet)
rElec    .         Reflect  .   (no cloak)
rCorr    .         Harm     .   (no gloves)
MR       .....                  (no boots)
Stlth    +.........             s - amulet of guardian spirit
Regen    0.1/turn               j - +1 ring of evasion
MPRegen  0.1/turn               (no ring)

@: no status effects
A: fangs 3, see invisible, unbreathing
a: Bat Form


You were on level 2 of the Dungeon.
You were not thirsty.

You visited 1 branch of the dungeon, and saw 2 of its levels.

You collected 37 gold pieces.

Inventory:

Hand Weapons
 o - a +0 spear
 p - a +0 spear
Missiles
 g - 2 stones (quivered)
 k - 36 sling bullets
 r - 21 arrows
Armour
 a - a +0 leather armour (worn)
 d - a +0 scale mail
 l - a +0 scale mail
 m - a +0 leather armour
 n - a +0 ring mail
Jewellery
 f - an uncursed amulet of magic regeneration
 j - a +1 ring of evasion (left hand)
 s - an amulet of guardian spirit (around neck)
Scrolls
 c - a scroll of blinking
 t - a scroll of identify
Potions
 e - 8 potions of blood
 q - a potion of degeneration {unknown}
Books
 b - a book of Spatial Translocations

   Spells                             Type                      Level
   a - Blink                          Translocation                2
   b - Shroud of Golubria             Charms/Translocation         2
   c - Lesser Beckoning               Translocation                3
   d - Gell's Gravitas                Translocation                3
   e - Teleport Other                 Translocation                3
   f - Passage of Golubria            Translocation                4
Comestibles
 h - a royal jelly
 i - 2 bread rations


   Skills:
 * Level 2.2 Fighting
 + Level 1.3 Throwing
 + Level 1.0 Armour
 * Level 2.5 Dodging
 + Level 0.9 Stealth
 * Level 2.6 Unarmed Combat
 + Level 2.1 Spellcasting
 + Level 2.5 Translocations


You had one spell level left.
You knew the following spells:

 Your Spells              Type           Power        Failure   Level  Hunger
a - Blink                 Tloc           N/A          16%         2    ###....
b - Gell's Gravitas       Tloc           #.........   30%         3    ###....


Dungeon Overview and Level Annotations

Branches:
Dungeon (2/15)

Altars:
Cheibriados

Annotations:
D:2 Jessica


Innate Abilities, Weirdness & Mutations

You have razor-sharp teeth.
You have supernaturally acute eyesight. (SInv)
You can survive without breathing.


Message History

The gnoll hits you from afar with a halberd.
You hit the gnoll.
The gnoll is lightly wounded.
The gnoll hits you with a spear.
The gnoll hits you from afar with a halberd!
* * * LOW HITPOINT WARNING * * *
The gnoll shouts!
You hit the gnoll.
The gnoll is moderately wounded.
The gnoll barely misses you.
You closely miss the gnoll. You bite the gnoll.
The gnoll is moderately wounded.
The gnoll barely misses you. The gnoll hits you with a spear.
* * * LOW HITPOINT WARNING * * *
You hit the gnoll but do no damage. Your bite misses the gnoll.
The gnoll is moderately wounded.
The gnoll hits you with a spear.
* * * LOW HITPOINT WARNING * * *
The gnoll hits you from afar with a halberd!
You die...

#.# ## #.# ##8## #.##8...8
#.##..... #.#_.(...
#.###.##..... #
#.....##8...8 #.#.#####.#
#8##
#%.ggg@...#############
##.######..............
#.........############
####........#... .......
............#.##########
######.............#######
..........................
#######.###........#######
####).###.......# #


You could see 3 gnolls.

Vanquished Creatures
  An adder (D:2)
  A worm (D:2)
  2 giant cockroaches
  9 goblins
  4 hobgoblins (D:1)
  6 kobolds
  A ball python (D:1)
  5 bats (D:1)
  4 frilled lizards
  4 rats
37 creatures vanquished.

Notes
Turn   | Place    | Note
-------+----------+-------------------------------------------
     0 | D:1      | straycat the Vampire Warper began the quest for the Orb.
     0 | D:1      | Reached XP level 1. HP: 16/16 MP: 3/3
   473 | D:1      | Reached XP level 2. HP: 17/22 MP: 5/5
   515 | D:1      | Reached skill level 1 in Throwing
   860 | D:1      | Learned a level 2 spell: Blink
  1865 | D:2      | Noticed Jessica
  1974 | D:2      | Reached XP level 3. HP: 27/27 MP: 6/6
  2015 | D:2      | Learned a level 3 spell: Gell's Gravitas
  2125 | D:2      | Reached skill level 1 in Armour
  2279 | D:2      | Found a snail-covered altar of Cheibriados.
  2375 | D:2      | Mangled by a gnoll

Vault maps used:
D:1:      ncdulo_watergridlock, minmay_misc_feat_nine_boxes
D:2:      nicolae_overflow_hidden_temple, uniq_jessica

Skill      XL: |  1  2  3 |
---------------+----------+-----
Throwing       | 1 |  1.3
Fighting       | 2 |  2.2
Armour         | 1 |  1.0
Dodging        | |  2.5
Stealth        | |  0.9
Unarmed Combat | |  2.6
Spellcasting   | |  2.1
Translocations | |  2.5

Action                   || total
-------------------------++-------
Melee: Unarmed           ||   140
       Bite              ||    13
       Punch             ||     1
Throw: Tomahawk          ||     5
       Stone             ||    29
 Cast: Blink             ||     4
       Gell's Gravitas   ||     3
  Use: Scroll            ||     6
       Potion            ||     5
  Eat: Corpse            ||     1
Armor: Leather armour    ||    39
Dodge: Dodged            ||    74
